 Dungeon Crawl Stone Soup version 0.29.0-15-g675c0067aa (webtiles) character file.

Game seed: 17818811795122220042

83 YellowJello the Chopper (level 4, -2/35 HPs)
             Began as a Demonspawn Berserker on Sept 11, 2022.
             Was a Believer of Trog.
             Slain by an orc wizard
             ... wielding a +0 dagger
              (4 damage)
             ... on level 4 of the Dungeon.
             The game lasted 00:07:26 (3213 turns).

YellowJello the Chopper (Demonspawn Berserker)      Turns: 3213, Time: 00:07:27

Health: -2/35      AC: -5    Str: 16 (19) XL:     4   Next: 22%
Magic:  4/4        EV: 12    Int:  8 (9)  God:    Trog [**....]
Gold:   164        SH:  0    Dex: 11 (12) Spells: 3/3 levels left

rFire   . . .      SeeInvis .   a - +0 hand axe
rCold   . . .      Faith    .   (no shield)
rNeg    . . .      Spirit   .   b - +0 animal skin
rPois   .          Reflect  .   (no helmet)
rElec   .          Harm     .   (no cloak)
rCorr   .          Rampage  .   (no gloves)
Will    .....                   (no boots)
Stlth   ++........              (no amulet)
HPRegen 0.11/turn               (no ring)
MPRegen 0.09/turn               (no ring)

@: corroded, on berserk cooldown, slowed, very slow
A: ignite blood 1, weakness stinger 1, demonic touch 1
a: Renounce Religion, Berserk, Trog's Hand


You were on level 4 of the Dungeon.
You worshipped Trog.
Trog was pleased with you.
You visited 1 branch of the dungeon, and saw 4 of its levels.

You collected 164 gold pieces.

Inventory:

Hand Weapons
 a - a +0 hand axe (weapon)
Armour
 b - a +0 animal skin (worn)
Scrolls
 d - a scroll of magic mapping {unknown}
 e - a scroll of vulnerability {unknown}
 f - a scroll of noise {unknown}
 g - a scroll of blinking {unknown}
 i - a scroll of enchant armour {unknown}
 j - a scroll of amnesia {unknown}
 k - a scroll of teleportation {unknown}
Potions
 c - 2 potions of heal wounds {unknown}
 h - a potion of cancellation {unknown}
 l - a potion of curing {unknown}


   Skills:
 + Level 3.5 Fighting
 + Level 3.6 Axes
 + Level 1.7 Armour
 + Level 2.3 Dodging
 + Level 1.2 Stealth


You had 3 spell levels left.
You didn't know any spells.
Your spell library was empty.

Dungeon Overview and Level Annotations

Branches:
Dungeon (4/15)
 Temple: D:4-7

Altars:


Innate Abilities, Weirdness & Mutations

Your demonic aura sometimes causes spilled blood to erupt in flames.
You have a small tail.
Your touch may inflict minor irresistible damage on your foes.


Message History

You slash the orc!
You kill the orc!
Trog accepts your kill.
You slash the orc!
You kill the orc!
Trog accepts your kill.
You slash the orc!
You kill the orc!
Trog accepts your kill.
You slash the orc!
You kill the orc!
Trog accepts your kill.
You hear a shout!
Your life force feels restored.
An orc comes into view. It is wielding a +0 flail.
The orc shouts!
The orc wizard gestures at you while chanting.
The puff of flame hits you!
An orc comes into view. It is wielding a +0 flail.
The orc shouts!
Things that are here:
a +0 club; a +0 leather armour An orc comes into view.
It is wielding a +0 hand axe.
You feel a strong urge to attack something.
The orc shouts!
The jelly hits you. The acid corrodes you!
You are splashed with acid!
You are too injured to fight recklessly!
You are too injured to fight recklessly!
Found a stone staircase leading up.
You feel your anger nearly subside.
You are no longer berserk.
You are exhausted.
You feel yourself slow down. The jelly hits you.
You are splashed with acid!
* * * LOW HITPOINT WARNING * * *
You hit the orc wizard but do no damage.
Your tail-slap misses the orc wizard.
Your touch misses the orc wizard. You hit the jelly. The acid corrodes you!
Your hands burn!
* * * LOW HITPOINT WARNING * * *
You hit the orc but do no damage. The orc closely misses you.
The orc wizard hits you with a +0 dagger.
You die...

##### #
#...### ...
#)<°..###...<.
#.))..@ooo....
###..Jo♣o...##
###.....###
##...## ......
.###... . ....
#. #..


You could see a jelly, an orc wizard and 4 orcs.

Vanquished Creatures
  2 adders
  A worm (D:2)
  A dart slug (D:1)
  6 orcs
  4 bats
  8 endoplasms
  6 giant cockroaches
  5 goblins
  3 hobgoblins
  2 quokkas (D:1)
  2 ball pythons
  3 frilled lizards
  6 kobolds
  A rat (D:1)
50 creatures vanquished.

Vanquished Creatures (others)
  3 demonic plants (D:1)
  A plant (D:1)
4 creatures vanquished.

Grand Total: 54 creatures vanquished

Notes
Turn   | Place    | Note
-------+----------+-------------------------------------------
     0 | D:1      | YellowJello the Demonspawn Berserker began the quest for
                  | the Orb.
     0 | D:1      | Reached XP level 1. HP: 18/18 MP: 1/1
   496 | D:1      | Gained mutation: Your demonic aura sometimes causes spilled
                  | blood to erupt in flames. [demonic ancestry]
   496 | D:1      | Reached XP level 2. HP: 22/24 MP: 2/2
   767 | D:1      | Found a faded altar of an unknown god.
  1255 | D:1      | You fall into a shaft and drop 1 floor!
  1301 | D:2      | Discovered your monstrous ancestry.
  1301 | D:2      | Gained mutation: Your touch may inflict minor irresistible
                  | damage on your foes. [demonic ancestry]
  1301 | D:2      | Reached XP level 3. HP: 26/29 MP: 3/3
  1385 | D:2      | Reached ** piety under Trog
  2619 | D:3      | Reached skill level 1 in Stealth
  2641 | D:3      | Gained mutation: You have a small tail. [demonic ancestry]
  2641 | D:3      | Reached XP level 4. HP: 34/35 MP: 4/4
  3213 | D:4      | Slain by an orc wizard

Illustrated notes

Levels and vault maps discovered:
D:1:      minmay_arrival_hallway, layout_loops_ring,
          shapermc_ecumenical_altar_gd
D:2:      layout_loops_ring
D:3:      layout_basic, chequers_garden, lemuel_another_geyser
D:4:      cheibrodos_thug_alley, layout_layer_cave,
          mainiacjoe_overflow_brackets, grunt_ministairs_12, uniq_ijyb,
          uniq_pikel, uniq_menkaure

Skill      XL: |  1  2  3 |
---------------+----------+-----
Dodging        | 2 |  2.3
Axes           | 3 |  3.6
Stealth        | 1 |  1.2
Fighting       | |  3.5
Armour         | |  1.7

Action                   |  1- 3 |  4- 6 || total
-------------------------+-------+-------++-------
Melee: Hand axe          |   117 |    11 ||   128
       Touch             |     9 |     1 ||    10
       Punch             |     1 |       ||     1
       Tailslap          |       |     2 ||     2
Invok: Berserk           |       |     1 ||     1
  Use: Potion            |     4 |       ||     4
 Stab: Sleeping          |     4 |     3 ||     7
Armor: Animal skin       |    24 |     1 ||    25
Dodge: Dodged            |    76 |     7 ||    83
